 Dungeon Crawl Stone Soup version 0.26-a0-639-g72c4674329 (webtiles) character file.

Game seed: 12006091573648096041

205 Conn the Firebug (level 5, -3/28 HPs)
             Began as a Deep Elf Fire Elementalist on Sept 20, 2020.
             Slain by an orc
             ... wielding a +0 war axe
              (13 damage)
             ... on level 2 of the Dungeon.
             The game lasted 00:09:37 (3383 turns).

Conn the Firebug (Deep Elf Fire Elementalist)       Turns: 3383, Time: 00:09:37

Health: -3/28      AC:  2    Str:  5    XL:     5   Next: 52%
Magic:  12/13      EV: 13    Int: 21    God:
Gold:   40         SH:  0    Dex: 15    Spells: 5/13 levels left

rFire    . . .     SeeInvis .   l - +1 trident (venom)
rCold    . . .     Faith    .   (no shield)
rNeg     . . .     Spirit   .   a - +0 robe
rPois    .         Reflect  .   (no helmet)
rElec    .         Harm     .   (no cloak)
rCorr    .         Rampage  .   (no gloves)
MR       .....                  (no boots)
Stlth    ++........             (no amulet)
HPRegen  0.09/turn              (no ring)
MPRegen  0.13/turn              (no ring)

@: no status effects
A: no striking features
a: no special abilities


You were on level 2 of the Dungeon.
You visited 1 branch of the dungeon, and saw 3 of its levels.

You collected 40 gold pieces.

Inventory:

Hand Weapons
 d - a +0 dagger
 j - a +0 short sword
 l - a +1 trident of venom (weapon)
Armour
 a - a +0 robe (worn)
 e - a +0 ring mail of poison resistance
Scrolls
 c - a scroll of magic mapping
 m - a scroll of random uselessness
 r - a scroll of immolation
Potions
 b - a potion of flight
 g - a potion of brilliance


   Skills:
 + Level 0.1 Short Blades
 + Level 0.2 Polearms
 * Level 1.4 Armour
 + Level 3.0 Dodging
 + Level 2.8 Stealth
 * Level 4.6 Spellcasting
 * Level 2.1 Conjurations
 * Level 4.8 Fire Magic


You had 5 spell levels left.
You knew the following spells:

 Your Spells              Type           Power        Failure   Level
a - Foxfire               Conj/Fire      ###.         2%          1
b - Conjure Flame         Conj/Fire      ###.....     9%          3
c - Sticky Flame          Conj/Fire      ###.....     26%         4

Your spell library contained the following spells:

 Spells                   Type           Power        Failure   Level
 Inner Flame              Hex/Fire       ###.....     12%         3
 Fireball                 Conj/Fire      ###.......   58%         5


Dungeon Overview and Level Annotations

Branches:
Dungeon (3/15)

Altars:
Dithmenos
Qazlal
Yredelemnul
Zin


Message History

Confirm with . or Enter, or press ? or * to list all spells.
You conjure some foxfire!
The foxfire hits the orc.
The orc is severely wounded.
Your foxfire dissipates!
An orc wizard appears from thin air!
Reactivating autopickup.
The orc shouts!
There is a stone staircase leading up here.
You climb upwards.
There is a stone staircase leading down here.
You barely miss the orc.
The orc is heavily wounded.
The orc hits you with a +0 war axe.
You hit the orc but do no damage.
The orc is heavily wounded.
The orc closely misses you.
Casting: Foxfire (safe; 2% risk of failure)
Confirm with . or Enter, or press ? or * to list all spells.
You conjure some foxfire!
The orc hits you with a +0 war axe!
You die...

.# #.##..........# .#
#.##.########.# .# ####....#
##.# .########### #......##
#... ...........# #.####.#
#... .#########.## #.#
#.########... .# ##.#.## #.#
#............ ##
####.###.###v# ###########..
# #...## ##..o@# ##. #
#.##.###.###################.
#
#.###.#......................
## #.#
##.#####################. .##
#.# ### #...... ..# #.#
#.##### ..# #.# #)# #.###.#
#.# ### #...#.# #.###..


You could see an orc.

Vanquished Creatures
  An orc wizard (D:3)
  2 orc priests (D:3)
  Jessica (D:2)
  An adder (D:2)
  An ooze (D:2)
  A dart slug (D:3)
  2 leopard geckos (D:1)
  8 orcs (D:3)
  2 bats (D:1)
  5 giant cockroaches
  6 goblins
  5 hobgoblins
  9 jackals
  5 kobolds
  A quokka (D:3)
  A ball python (D:3)
  6 frilled lizards
  5 rats
62 creatures vanquished.

Vanquished Creatures (others)
  147 foxfires
147 creatures vanquished.

Grand Total: 209 creatures vanquished

Notes
Turn   | Place    | Note
-------+----------+-------------------------------------------
     0 | D:1      | Conn the Deep Elf Fire Elementalist began the quest for the
                  | Orb.
     0 | D:1      | Reached XP level 1. HP: 10/10 MP: 6/6
   532 | D:1      | Reached XP level 2. HP: 15/15 MP: 6/8
  1255 | D:2      | Reached XP level 3. HP: 18/19 MP: 5/10
  1260 | D:2      | Learned a level 3 spell: Conjure Flame
  1428 | D:2      | Noticed Jessica
  1435 | D:2      | Killed Jessica
  1435 | D:2      | Reached XP level 4. HP: 24/24 MP: 7/11
  1783 | D:2      | Found a glowing silver altar of Zin.
  2078 | D:3      | Reached skill level 1 in Armour
  2371 | D:2      | Learned a level 4 spell: Sticky Flame
  2424 | D:3      | Reached XP level 5. HP: 2/28 MP: 10/13
  2776 | D:3      | Found a basalt altar of Yredelemnul.
  3055 | D:3      | Found a stormy altar of Qazlal.
  3059 | D:3      | Found a shadowy altar of Dithmenos.
  3383 | D:2      | Slain by an orc

Illustrated notes

Levels and vault maps discovered:
D:1:      evilmike_arrival_crescent, layout_basic, minmay_misc_feat_pillars
D:2:      layout_loops_ring, marbit_many_paths, uniq_jessica
D:3:      layout_basic, overflow_temple_1_default, minitemple

Skill      XL: |  1  2  3  4  5 |
---------------+----------------+-----
Fire Magic     | 4 |  4.8
Spellcasting   | 4 |  4.6
Armour         | 1 |  1.4
Dodging        | 3 |  3.0
Conjurations   | 2 |  2.1
Short Blades   | |  0.1
Polearms       | |  0.2
Stealth        | |  2.8

Action                   |  1- 3 |  4- 6 || total
-------------------------+-------+-------++-------
Melee: Dagger            |    24 |       ||    24
       Unarmed           |     3 |       ||     3
       Trident           |       |    43 ||    43
 Cast: Foxfire           |    40 |    53 ||    93
  Use: Potion            |       |     7 ||     7
       Scroll            |       |     7 ||     7
 Stab: Sleeping          |     1 |     2 ||     3
Armor: Robe              |     3 |     2 ||     5
       Ring mail         |    14 |    14 ||    28
Dodge: Dodged            |    31 |    56 ||    87

Table legend: (Time is in decaauts)
 A = Elapsed time spent in this place.
 B = Non-inter-level travel time spent in this place.
 C = Inter-level travel time spent in this place.
 D = Time resting spent in this place.
 E = Time spent auto-exploring this place.
 F = Levels seen in this place.
 G = Mean time per level.
                   A        B        C        D        E       F      G
               +--------+--------+--------+--------+--------+-----+--------+
         Total |   3387 |   3335 |     52 |    772 |   1738 |   3 | 1129.0 |
       Dungeon |   3387 |   3335 |     52 |    772 |   1738 |   3 | 1129.0 |
               +--------+--------+--------+--------+--------+-----+--------+

Top non-repeatable levels by time:
     D:3: 1197 daAuts
     D:1: 1125 daAuts
     D:2: 1064 daAuts
